 Dungeon Crawl Stone Soup version 0.23.2-1-ga50397a (webtiles) character file.

Game seed: 9143955152236112776

87 IBeShadow the Caller (level 4, -1/37 HPs)
             Began as a Draconian Summoner on May 15, 2019.
             Slain by an orc wizard
             ... wielding a +0 dagger
              (6 damage)
             ... on level 3 of the Dungeon.
             The game lasted 00:03:39 (2695 turns).

IBeShadow the Caller (Draconian Summoner)           Turns: 2695, Time: 00:03:39

Health: -1/37      AC:  7    Str: 12    XL:     4   Next: 28%
Magic:  6/8        EV: 12    Int: 15    God:
Gold:   79         SH:  0    Dex: 11    Spells: 5/8 levels left

rFire    . . .     SeeInvis .   a - +1 spear
rCold    . . .     Gourm    .   (no shield)
rNeg     . . .     Faith    .   (armour unavailable)
rPois    .         Spirit   .   (helmet restricted)
rElec    .         Reflect  .   k - +0 cloak
rCorr    .         Harm     .   l - +0 pair of gloves
MR       .....                  (no boots)
Stlth    ++........             (no amulet)
HPRegen  0.12/turn              (no ring)
MPRegen  0.11/turn              (no ring)

@: no status effects
A: unfitting armour, cold-blooded, AC +5
a: no special abilities


You were on level 3 of the Dungeon.
You were not hungry.

You visited 1 branch of the dungeon, and saw 3 of its levels.

You collected 79 gold pieces.

Inventory:

Hand Weapons
 a - a +1 spear (weapon)
 j - a +3 quarterstaff of chaos
Armour
 k - a +0 cloak (worn)
 l - a +0 pair of gloves (worn)
Jewellery
 c - an uncursed ring of wizardry {unknown}
 p - an uncursed amulet of guardian spirit {unknown}
Scrolls
 f - a scroll of teleportation
Potions
 d - a potion of degeneration {unknown}
 e - a potion of resistance {unknown}
 g - a potion of berserk rage {unknown}
 h - a potion of haste {unknown}
 n - 2 potions of curing {unknown}
Comestibles
 b - 3 rations
 i - 2 chunks of flesh


   Skills:
 + Level 2.3 Fighting
 - Level 1.7 Dodging
 - Level 1.7 Stealth
 + Level 2.9 Spellcasting
 + Level 4.6 Summonings


You had 5 spell levels left.
You knew the following spells:

 Your Spells              Type           Power        Failure   Level  Hunger
a - Summon Small Mammal   Summ           ###.         3%          1    #......
b - Call Imp              Summ           ###.....     4%          2    ##.....

Your spell library contained the following spells:

 Spells                   Type           Power        Failure   Level  Hunger
 Call Canine Familiar     Summ           ###.....     9%          3    ###....
 Summon Guardian Golem    Hex/Summ       #.......     24%         3    ###....
 Summon Ice Beast         Ice/Summ       #.......     61%         4    #####..
 Summon Lightning Spire   Summ/Air       #.......     61%         4    #####..


Dungeon Overview and Level Annotations

Branches:
Dungeon (3/15)

Altars:
Cheibriados
Sif Muna


Innate Abilities, Weirdness & Mutations

Your plain brown scales are hard. (AC +5)
You cannot fit into any form of body armour.
You are cold-blooded and may be slowed by cold attacks.


Message History

The orc closely misses you. The orc hits you with a +0 dagger.
You hit the orc wizard.
The orc wizard is almost dead.
The orc hits you but does no damage. The orc closely misses you.
The orc wizard gestures wildly while chanting.
The orc wizard blinks!
Your crimson imp hits the orc.
The orc wizard gestures at you while chanting.
The magic dart hits you.
* * * LOW HITPOINT WARNING * * *
The hobgoblin closely misses you.
Your crimson imp barely misses the orc.
Your crimson imp blinks!
You swap places.
The orc barely misses your crimson imp.
The orc wizard points at you and mumbles some strange words.
The magic dart hits you.
* * * LOW HITPOINT WARNING * * *
Your crimson imp closely misses the orc.
The hobgoblin hits your crimson imp but does no damage.
The orc hits your crimson imp.
The orc wizard hits you with a +0 dagger.
You die...

###. #.#.# ..#.##########.#.#
##### #.#..........#.#..
...#_### ###.##.........#.###
##≈≈≈.# #....+....).........
#≈≈≈≈≈###.#.##........######
.##≈≈†≈≈....#.........#.......
...≈≈≈≈≈.....o................
###.≈≈≈.....#@######..#.#####.
##....###.#.## #..#.# #.
##...# #.#5.# #..#.# #. #####
#.#og# #..#.# #. #.#o.## #..#
#. #.#...# ..# #. #.#.#)# . #
#. #.#.# ..#.###### #(#.#
..........


You could see an orc wizard, 2 orcs, a hobgoblin and a friendly crimson imp.

Vanquished Creatures
  An adder (D:2)
  An ooze (D:1)
  A dart slug (D:3)
  2 worms (D:2)
  A leopard gecko (D:2)
  An orc (D:3)
  7 bats
  3 giant cockroaches
  4 goblins
  5 hobgoblins
  2 frilled lizards
  5 kobolds
  2 rats (D:1)
35 creatures vanquished.

Vanquished Creatures (collateral kills)
  Crazy Yiuf (D:2)
  2 worms (D:2)
3 creatures vanquished.

Grand Total: 38 creatures vanquished

Notes
Turn   | Place    | Note
-------+----------+-------------------------------------------
     0 | D:1      | IBeShadow the Draconian Summoner began the quest for the
                  | Orb.
     0 | D:1      | Reached XP level 1. HP: 14/14 MP: 3/3
   135 | D:1      | Reached XP level 2. HP: 22/22 MP: 5/5
   144 | D:1      | Reached skill level 1 in Fighting
   149 | D:1      | Learned a level 2 spell: Call Imp
  1297 | D:2      | Reached XP level 3. HP: 18/28 MP: 3/6
  1424 | D:2      | Found a runed translucent door.
  1425 | D:2      | Noticed Crazy Yiuf
  1548 | D:2      | Found a deep blue altar of Sif Muna.
  2503 | D:2      | Killed Crazy Yiuf
  2503 | D:2      | Reached XP level 4. HP: 36/36 MP: 2/8
  2653 | D:3      | Found a snail-covered altar of Cheibriados.
  2695 | D:3      | Slain by an orc wizard

Skill      XL: |  1  2  3 |
---------------+----------+-----
Fighting       | 1 2 |  2.3
Dodging        | |  1.7
Stealth        | |  1.7
Spellcasting   | |  2.9
Summonings     | |  4.6

Action                   |  1- 3 |  4- 6 || total
-------------------------+-------+-------++-------
Melee: Spear             |   160 |    35 ||   195
       Tailslap          |    13 |     1 ||    14
 Cast: Call Imp          |     6 |     1 ||     7
  Use: Scroll            |     6 |       ||     6
 Stab: Sleeping          |     6 |       ||     6
  Eat: Chunk             |     3 |       ||     3
       Ration            |     1 |       ||     1
Armor: Skin              |    29 |     9 ||    38
Dodge: Dodged            |    60 |    22 ||    82
